[Event "2026 European Womens Championship"]
[Site "Batumi, GE"]
[Date "2026.05.26"]
[Round "2"]
[White "Hnatyshyn, Anastasiia"]
[Black "Brunello, Marina"]
[Result "1-0"]
[Board "19"]
[TimeControl "5400+30"]
[WhiteFideId "14198339"]
[BlackFideId "822590"]
[WhiteElo "2207"]
[BlackElo "2346"]
[WhiteTitle "WFM"]
[BlackTitle "IM"]
[WhiteClock "0:04:29"]
[BlackClock "0:21:22"]
[Variant "Standard"]

1. e4 c5 2. Nf3 d6 3. d4 cxd4 4. Nxd4 Nf6 5. Bd3 Nc6 6. Nxc6 bxc6 7. O-O g6 8. b3 Bg7 9. Bb2 O-O 10. Nc3 d5 11. Re1 Re8 12. e5 Ng4 13. Na4 h5 14. Qd2 Qc7 15. f4 Nh6 16. Nc5 Bf5 17. Bf1 Rad8 18. Bd4 Bc8 19. c3 Nf5 20. Bd3 Nh6 21. b4 Bf5 22. Bf1 Ng4 23. a4 Rf8 24. h3 Nh6 25. a5 Kh7 26. a6 Ra8 27. Rac1 Ng8 28. c4 dxc4 29. Bxc4 Nh6 30. Qf2 Bc8 31. Ne4 Nf5 32. Bc5 Kg8 33. Red1 h4 34. Ng5 Bh6 35. b5 Bxg5 36. b6 axb6 37. Bxb6 Qb8 38. a7 Qb7 39. fxg5 Be6 40. Bd3 Ng3 41. Qc5 Bd5 42. Rb1 Be4 43. Bxe4 Nxe4 44. Qe3 Ng3 45. e6 Nf5 46. Qe5 Qa6 47. exf7+ Kxf7 48. Bc5 Qa2 49. Rb7 Qe6 50. Qc3 Kg8 51. Rdb1 Ng3 52. Qb3 Qxb3 53. R7xb3 Ne4 54. Rb8 1-0

[Event "2026 European Womens Championship"]
[Site "Batumi, GE"]
[Date "2026.05.26"]
[Round "2"]
[White "Aydin, Gulenay"]
[Black "Khukhashvili, Sopiko"]
[Result "1-0"]
[Board "20"]
[TimeControl "5400+30"]
[WhiteFideId "34557431"]
[BlackFideId "13602055"]
[WhiteElo "2204"]
[BlackElo "2329"]
[WhiteTitle "WIM"]
[BlackTitle "IM"]
[WhiteClock "0:01:20"]
[BlackClock "0:42:29"]
[Variant "Standard"]

1. e4 c5 2. Nc3 e6 3. Nge2 a6 4. g3 b5 5. Bg2 Bb7 6. O-O b4 7. Na4 Nf6 8. d4 Bxe4 9. Nxc5 Bxg2 10. Kxg2 Qc7 11. Bf4 d6 12. Nd3 Nbd7 13. a3 e5 14. Bd2 bxa3 15. Rxa3 Be7 16. Kg1 O-O 17. Rc3 Qb7 18. Rb3 Qd5 19. Nb4 Qb7 20. Nd3 Qe4 21. Re1 Rfe8 22. dxe5 dxe5 23. Nc3 Qf5 24. Qe2 h5 25. Ne4 h4 26. gxh4 Rac8 27. Bg5 Rc4 28. f3 Nxe4 29. fxe4 Qg6 30. Kh1 Bxg5 31. hxg5 Qxg5 32. Rg1 Qh4 33. Nf2 Rc6 34. Rh3 Qf4 35. Nd3 Qf6 36. Qg4 Nf8 37. Nb4 Rd6 38. Nd5 Rxd5 39. exd5 e4 40. c3 Ng6 41. Re3 Qe5 42. Qg5 Qb8 43. Qg2 Qf4 44. Qg3 Qf5 45. c4 Qf6 46. Qg4 Qd4 47. Rc3 Qd2 48. Qg2 Qd4 49. Qg4 Qd2 50. h4 Rb8 51. h5 Rxb2 52. Rh3 Qf2 53. hxg6 f5 54. Qg5 Rb8 55. Qe7 1-0

[Event "2026 European Womens Championship"]
[Site "Batumi, GE"]
[Date "2026.05.26"]
[Round "2"]
[White "Nomin-Erdene, Davaademberel"]
[Black "Antova, Gabriela"]
[Result "0-1"]
[Board "21"]
[TimeControl "5400+30"]
[WhiteFideId "4900782"]
[BlackFideId "2915235"]
[WhiteElo "2328"]
[BlackElo "2203"]
[WhiteTitle "IM"]
[BlackTitle "WGM"]
[WhiteClock "0:00:51"]
[BlackClock "0:01:46"]
[Variant "Standard"]

1. e4 e5 2. Nf3 Nc6 3. Bc4 Nf6 4. d3 h6 5. c3 d6 6. a4 Be7 7. a5 a6 8. O-O O-O 9. Re1 Be6 10. Nbd2 Qd7 11. Qb3 Rfd8 12. Nf1 Bxc4 13. dxc4 Bf8 14. Qc2 b6 15. axb6 cxb6 16. Ne3 b5 17. Bd2 Qb7 18. Nd5 Nxd5 19. cxd5 Nb8 20. Ra5 Nd7 21. Be3 Be7 22. Rea1 Rdc8 23. Nd2 Bd8 24. R5a2 a5 25. Qd3 Qa6 26. Qe2 Kh7 27. Qh5 Nf6 28. Qxf7 Bb6 29. Re1 Re8 30. c4 Bxe3 31. Rxe3 Ra7 32. cxb5 Qb6 33. Nc4 Qc5 34. Qxa7 Qxa7 35. b6 Qb8 36. Rxa5 Rc8 37. b3 Qxb6 38. Ra1 Qd4 39. Rae1 Qc5 40. Ra1 Rf8 41. h3 Nd7 42. Ra6 Qd4 43. Ra2 Rf6 44. Rd2 Qa1+ 45. Kh2 Qc1 46. Ree2 Nc5 47. Rc2 Qf4+ 48. g3 Qf3 49. Re3 Qd1 50. Rb2 Qf1 51. Ree2 Nxe4 52. Ne3 Qa1 53. Ng4 Rf7 54. Ra2 Qb1 55. Rab2 Qd3 56. b4 h5 57. Ne3 Rxf2+ 58. Rxf2 Nxf2 59. Ng2 Ne4 60. b5 Qxg3+ 61. Kg1 Qc3 62. Re2 Qc5+ 63. Kh2 Nf6 0-1

[Event "2026 European Womens Championship"]
[Site "Batumi, GE"]
[Date "2026.05.26"]
[Round "2"]
[White "Mammadova, Gulnar"]
[Black "Rudzinska, Michalina"]
[Result "0-1"]
[Board "22"]
[TimeControl "5400+30"]
[WhiteFideId "13403508"]
[BlackFideId "1172883"]
[WhiteElo "2325"]
[BlackElo "2200"]
[WhiteTitle "IM"]
[BlackTitle "WGM"]
[WhiteClock "0:11:53"]
[BlackClock "0:08:30"]
[Variant "Standard"]

1. e4 c5 2. Nc3 e6 3. Nf3 Nc6 4. d4 cxd4 5. Nxd4 a6 6. Nxc6 bxc6 7. Qd3 d5 8. Qg3 d4 9. Nb1 Nf6 10. Nd2 h5 11. e5 h4 12. Qf3 Nd5 13. Bd3 Qc7 14. Nc4 a5 15. O-O Ba6 16. Re1 Nb4 17. b3 Bxc4 18. bxc4 Nxd3 19. Qxd3 Bb4 20. Bd2 c5 21. c3 dxc3 22. Bg5 a4 23. a3 Ba5 24. Qc2 Qc6 25. Rad1 h3 26. f3 Bc7 27. Re2 Rb8 28. Qxc3 O-O 29. Re4 Bd8 30. Bf6 Bxf6 31. exf6 Rfd8 32. Rde1 Qd6 33. gxh3 Rb3 34. Qa1 Qd2 35. Qe5 Rxf3 36. Qxc5 Rxf6 37. Qe3 Qc2 38. Rg4 Rd3 39. Qe4 Qf2+ 40. Kh1 Rxh3 41. Rg2 Qf3 42. c5 Qxe4 43. Rxe4 Rc3 44. Rd2 Rxc5 45. Rxa4 Rg5 46. h3 Rf3 47. Rh4 g6 48. a4 Rgg3 49. Kh2 Ra3 50. Rdd4 Rgb3 51. Rd2 Kg7 52. Kg2 Rg3+ 53. Kh2 g5 54. Rh5 f6 55. Rd7+ Kg6 56. Rh8 Rgb3 57. Rd2 Rxa4 58. Re2 e5 59. Rf2 Kg7 60. Rc8 Raa3 61. Rfc2 Rxh3+ 62. Kg2 g4 63. R8c4 Rag3+ 64. Kf2 Kg6 65. Rc8 Kf5 66. R8c6 Kg5 67. Re6 Rc3 0-1

[Event "2026 European Womens Championship"]
[Site "Batumi, GE"]
[Date "2026.05.26"]
[Round "2"]
[White "Kazarian, Anna-Maja"]
[Black "Skvortsova, Alena"]
[Result "1-0"]
[Board "23"]
[TimeControl "5400+30"]
[WhiteFideId "1033689"]
[BlackFideId "24166251"]
[WhiteElo "2317"]
[BlackElo "2135"]
[WhiteTitle "FM"]
[BlackTitle "WFM"]
[WhiteClock "0:18:41"]
[BlackClock "0:29:38"]
[Variant "Standard"]

1. e4 c5 2. Nf3 Nc6 3. Nc3 g6 4. Bb5 Bg7 5. O-O Nf6 6. e5 Ng4 7. Bxc6 dxc6 8. Re1 Nh6 9. d3 O-O 10. Bf4 b6 11. Ne4 Qd5 12. a4 Bg4 13. h3 Bxf3 14. Qxf3 Nf5 15. Nd2 Nd4 16. Qd1 b5 17. Ne4 Ne6 18. Nc3 Qd7 19. Bg3 a6 20. Qg4 Rfd8 21. Ne4 Qd4 22. c3 Qxd3 23. f4 Qc4 24. f5 gxf5 25. Qxf5 Rd3 26. axb5 cxb5 27. Rf1 Nf8 28. Rf4 Qe6 29. Nf6+ exf6 30. Qxd3 fxe5 31. Rf5 Ng6 32. Raf1 Rf8 33. Rh5 e4 34. Qd6 b4 35. Qxe6 fxe6 36. Rxc5 bxc3 37. bxc3 Rd8 38. Kh2 Ne7 39. Bh4 Bf8 40. Rg5+ Kh8 41. Rg4 h5 42. Rxe4 Kg8 43. Rxe6 Rd7 44. c4 Rc7 45. Bg3 1-0

[Event "2026 European Womens Championship"]
[Site "Batumi, GE"]
[Date "2026.05.26"]
[Round "2"]
[White "Siekanska, Maria"]
[Black "Sliwicka, Alicja"]
[Result "1/2-1/2"]
[Board "24"]
[TimeControl "5400+30"]
[WhiteFideId "21852650"]
[BlackFideId "1150677"]
[WhiteElo "2203"]
[BlackElo "2315"]
[WhiteTitle "WIM"]
[BlackTitle "WGM"]
[WhiteClock "0:06:43"]
[BlackClock "0:17:39"]
[Variant "Standard"]

1. e4 c5 2. Nf3 Nc6 3. d4 cxd4 4. Nxd4 e5 5. Nb5 d6 6. c4 Be7 7. Be2 a6 8. N5c3 Nf6 9. Be3 O-O 10. O-O Be6 11. b3 h6 12. a4 Nd7 13. Na3 Bg5 14. Bxg5 Qxg5 15. Nc2 Rad8 16. Kh1 Nc5 17. b4 Nb3 18. Rb1 Nbd4 19. f4 Qh4 20. g3 Qe7 21. Nxd4 exd4 22. Nd5 Bxd5 23. exd5 Nb8 24. Bf3 Qf6 25. Qd3 a5 26. bxa5 Na6 27. Rfd1 Rfe8 28. Kg2 Nc5 29. Qxd4 Qxd4 30. Rxd4 Re3 31. Bd1 1/2-1/2

[Event "2026 European Womens Championship"]
[Site "Batumi, GE"]
[Date "2026.05.26"]
[Round "2"]
[White "Rodriguez Redondo, Adhara"]
[Black "Krasteva, Beloslava"]
[Result "1/2-1/2"]
[Board "25"]
[TimeControl "5400+30"]
[WhiteFideId "32065698"]
[BlackFideId "2922029"]
[WhiteElo "2200"]
[BlackElo "2285"]
[WhiteTitle "WFM"]
[BlackTitle "WGM"]
[WhiteClock "0:07:24"]
[BlackClock "0:06:19"]
[Variant "Standard"]

1. e4 g6 2. d4 Bg7 3. Nf3 c6 4. Bd3 d6 5. h3 Nd7 6. O-O e5 7. c3 Ngf6 8. Re1 O-O 9. a4 Re8 10. dxe5 Nxe5 11. Nxe5 dxe5 12. Be3 Be6 13. Na3 Qe7 14. Qc2 Nh5 15. Rad1 Nf4 16. Bf1 Qc7 17. Rd2 Bf8 18. Red1 Bxa3 19. bxa3 b6 20. a5 c5 21. axb6 axb6 22. a4 Red8 23. Bb5 Rxd2 24. Qxd2 Bb3 25. Qd6 Qxd6 26. Rxd6 Bxa4 27. Rxb6 Bxb5 28. Rxb5 Ne2+ 29. Kh2 Nxc3 30. Rxc5 Nxe4 31. Rxe5 1/2-1/2

[Event "2026 European Womens Championship"]
[Site "Batumi, GE"]
[Date "2026.05.26"]
[Round "2"]
[White "Pogorelskikh, Sofia"]
[Black "Poliakova, Varvara"]
[Result "0-1"]
[Board "26"]
[TimeControl "5400+30"]
[WhiteFideId "44164548"]
[BlackFideId "13518313"]
[WhiteElo "2284"]
[BlackElo "2108"]
[WhiteTitle "WGM"]
[BlackTitle "WFM"]
[WhiteClock "0:20:59"]
[BlackClock "0:01:26"]
[Variant "Standard"]

1. e4 c5 2. Nf3 d6 3. d4 cxd4 4. Nxd4 Nf6 5. Nc3 a6 6. Be2 e5 7. Nb3 Be7 8. Be3 Be6 9. Bf3 O-O 10. a4 Nbd7 11. a5 b5 12. axb6 Nxb6 13. Na5 Qc7 14. O-O Rfd8 15. Nd5 Bxd5 16. exd5 e4 17. Bxb6 Qxb6 18. Be2 Qxb2 19. Nc6 Re8 20. Qd2 Nd7 21. Rfb1 Qf6 22. Rxa6 Bf8 23. Qd4 Rxa6 24. Bxa6 Qg5 25. Re1 Nc5 26. Bb5 g6 27. Qe3 Qxe3 28. fxe3 Ra8 29. Nd4 Ra3 30. Kf2 Bh6 31. Bc6 Kf8 32. h4 f5 33. Ne6+ Nxe6 34. dxe6 Rc3 35. Ba4 Ke7 36. Bb3 Kf6 37. Re2 g5 38. Rd2 g4 39. Rxd6 Bxe3+ 40. Kf1 Bc5 41. Rc6 Bb4 42. e7+ Kxe7 43. Rxc3 Bxc3 44. g3 Kd6 45. Ba4 Bf6 46. h5 h6 47. Bb5 Be5 48. Kf2 Ke6 49. Bc6 Kf6 50. Bd7 Kg5 51. Be8 e3+ 52. Kxe3 Bxg3 53. Ke2 Bd6 54. Bg6 f4 55. Be8 f3+ 56. Ke3 Kh4 57. Bc6 Kg3 58. Bb5 Bc5+ 59. Ke4 Kf2 0-1

[Event "2026 European Womens Championship"]
[Site "Batumi, GE"]
[Date "2026.05.26"]
[Round "2"]
[White "Hayrapetyan, Nvard"]
[Black "Schneider, Jana"]
[Result "0-1"]
[Board "27"]
[TimeControl "5400+30"]
[WhiteFideId "13316460"]
[BlackFideId "12924997"]
[WhiteElo "2057"]
[BlackElo "2283"]
[WhiteTitle "WFM"]
[BlackTitle "WGM"]
[WhiteClock "0:16:38"]
[BlackClock "0:26:45"]
[Variant "Standard"]

1. d4 d5 2. c4 e6 3. Nc3 Nf6 4. cxd5 exd5 5. Bg5 Be7 6. e3 O-O 7. Bd3 h6 8. Bh4 Re8 9. Nf3 c6 10. Bg3 Nbd7 11. h3 b5 12. Rc1 a6 13. O-O Bb7 14. Bb1 Rc8 15. Ne5 c5 16. f4 Qb6 17. Qc2 Nf8 18. Qf2 Ne4 19. Nxe4 dxe4 20. f5 cxd4 21. exd4 Rxc1 22. Rxc1 Rd8 23. Nxf7 Kxf7 24. Bc7 Qxd4 25. Bxd8 Qxf2+ 26. Kxf2 Bxd8 27. Rd1 Bb6+ 28. Ke2 Ke7 29. Bc2 Nd7 30. Bb3 Nf6 31. g4 e3 32. Rg1 Ne4 33. h4 Nd2 34. Bg8 Bf3+ 35. Kd3 e2 36. Re1 Ne4 37. Rxe2 Bxe2+ 38. Kxe2 Nf6 39. Be6 Nxg4 40. Bc8 a5 41. Ba6 b4 42. Kd3 Ne3 0-1

[Event "2026 European Womens Championship"]
[Site "Batumi, GE"]
[Date "2026.05.26"]
[Round "2"]
[White "Velikic, Adela"]
[Black "Tsiganova, Monika"]
[Result "1-0"]
[Board "28"]
[TimeControl "5400+30"]
[WhiteFideId "913553"]
[BlackFideId "4500199"]
[WhiteElo "2277"]
[BlackElo "2039"]
[WhiteTitle "WIM"]
[BlackTitle "WIM"]
[WhiteClock "0:01:24"]
[BlackClock "0:03:54"]
[Variant "Standard"]

1. e4 e5 2. Nf3 Nc6 3. Bb5 Nf6 4. d3 Bc5 5. Bxc6 dxc6 6. O-O Bg4 7. h3 Bxf3 8. Qxf3 Qd6 9. Nd2 h6 10. Nc4 Qe6 11. Bd2 O-O-O 12. b4 Be7 13. Bc3 Nd7 14. a4 h5 15. b5 f6 16. Rfb1 c5 17. a5 Kb8 18. Ne3 Rc8 19. Rb2 Bd8 20. Bd2 g6 21. Nc4 Rh7 22. Bc3 g5 23. Ne3 Be7 24. Qf5 Qxf5 25. Nxf5 Nf8 26. Bd2 Ne6 27. Ra4 Rg8 28. Be3 h4 29. Kh2 Bf8 30. Rc4 Rd7 31. Ra2 Bd6 32. Kg1 Rc8 33. a6 b6 34. Kf1 Bf8 35. Rb2 c6 36. bxc6 Rxc6 37. Ke2 Nc7 38. Ra4 b5 39. Ra5 Ka8 40. c3 Rd8 41. d4 exd4 42. cxd4 c4 43. d5 c3 44. Rbxb5 Rxa6 45. Rxa6 Nxa6 46. Nd4 Bd6 47. Nc6 Re8 48. f3 Nc7 49. Ra5 a6 50. Kd3 Kb7 51. Ra1 Nb5 52. Na5+ Kc7 53. Nc4 Ra8 54. Bb6+ Kb7 55. Nxd6+ Kxb6 56. Nxb5 Kxb5 57. Rb1+ Kc5 58. Kxc3 a5 59. Rb7 Ra6 60. Rc7+ Kd6 61. Rc8 Kd7 62. Rc4 a4 63. Kb2 Rb6+ 64. Ka2 Ra6 65. Ka3 Rb6 66. Rb4 Ra6 67. Rxa4 Rb6 68. Rb4 Ra6+ 69. Kb2 Kd6 70. Rc4 Rb6+ 71. Kc2 Ra6 72. Kd3 Ra3+ 73. Rc3 Ra2 74. Rc6+ Ke7 75. Rc2 Ra3+ 76. Kd4 Ra4+ 77. Kc5 Ra5+ 78. Kb6 Ra1 79. Rc7+ Ke8 80. Kc6 Ra6+ 81. Kc5 Ra2 82. Kd6 Rxg2 83. Ke6 Kd8 84. d6 Ra2 85. Rh7 Kc8 86. Rh8+ 1-0

[Event "2026 European Womens Championship"]
[Site "Batumi, GE"]
[Date "2026.05.26"]
[Round "2"]
[White "Tsirulnik, Maritsa"]
[Black "Mirzoeva, Elmira"]
[Result "0-1"]
[Board "29"]
[TimeControl "5400+30"]
[WhiteFideId "14118688"]
[BlackFideId "4127951"]
[WhiteElo "2028"]
[BlackElo "2265"]
[WhiteTitle "WFM"]
[BlackTitle "WGM"]
[WhiteClock "0:15:23"]
[BlackClock "0:02:26"]
[Variant "Standard"]

1. c4 d6 2. Nc3 e5 3. g3 g6 4. Bg2 Bg7 5. d3 f5 6. e4 Nc6 7. Nge2 Nf6 8. O-O O-O 9. exf5 Bxf5 10. h3 Qd7 11. Kh2 Nb4 12. Ne4 Nxe4 13. dxe4 Be6 14. b3 c5 15. Be3 Nc6 16. Rc1 Rf7 17. Qd2 Raf8 18. a3 Nd4 19. Nxd4 cxd4 20. Bg5 b5 21. cxb5 Qxb5 22. Rb1 Bxb3 23. f4 h6 24. Rf3 hxg5 25. Rbxb3 Qa4 26. fxg5 Rxf3 27. Rxf3 Rxf3 28. Bxf3 Qxa3 29. Be2 Qc3 30. Qd3 a5 31. Kg2 a4 32. Qc4+ Kh7 33. Qxa4 d3 34. Bd1 Qd2+ 35. Kf3 Qxg5 36. Qb4 Qh5+ 37. g4 Qxh3+ 38. Kf2 Qh2+ 39. Ke3 Qg1+ 40. Kd2 Bh6+ 0-1

[Event "2026 European Womens Championship"]
[Site "Batumi, GE"]
[Date "2026.05.26"]
[Round "2"]
[White "Urh, Zala"]
[Black "Kobak, Polina"]
[Result "0-1"]
[Board "30"]
[TimeControl "5400+30"]
[WhiteFideId "14611481"]
[BlackFideId "24269727"]
[WhiteElo "2263"]
[BlackElo "1986"]
[WhiteTitle "WIM"]
[BlackTitle "WFM"]
[WhiteClock "0:00:34"]
[BlackClock "0:00:40"]
[Variant "Standard"]

1. d4 d5 2. c4 c5 3. cxd5 Qxd5 4. Nf3 cxd4 5. Nc3 Qa5 6. Nxd4 Nf6 7. Bd2 e5 8. Nb3 Qb6 9. Rc1 Nc6 10. Be3 Qc7 11. g3 Be6 12. Bg2 Bb4 13. O-O O-O 14. Nc5 Bxc5 15. Bxc5 Rfd8 16. Qa4 Nd7 17. b4 Nxc5 18. bxc5 a6 19. e3 f5 20. Rfd1 e4 21. Ne2 Qf7 22. Nd4 Nxd4 23. Rxd4 Rxd4 24. Qxd4 Bxa2 25. Bf1 a5 26. c6 bxc6 27. Rxc6 a4 28. Qc3 h6 29. Rc7 Qf6 30. Qa3 Bb3 31. Bb5 Qf8 32. Qb2 Qf6 33. Qa3 Kh7 34. Kg2 Qe5 35. Rc5 Qd6 36. Bc6 Ra5 0-1

[Event "2026 European Womens Championship"]
[Site "Batumi, GE"]
[Date "2026.05.26"]
[Round "2"]
[White "Ushenina, Anna"]
[Black "Ashotia, Barbare"]
[Result "1-0"]
[Board "32"]
[TimeControl "5400+30"]
[WhiteFideId "14110911"]
[BlackFideId "13625187"]
[WhiteElo "2420"]
[BlackElo "1913"]
[WhiteTitle "GM"]
[WhiteClock "0:01:15"]
[BlackClock "0:00:34"]
[Variant "Standard"]

1. d4 Nf6 2. c4 e6 3. Nc3 Bb4 4. e3 O-O 5. Bd3 d5 6. a3 dxc4 7. Bxc4 Be7 8. Qe2 c5 9. dxc5 Bxc5 10. Nf3 Nc6 11. b4 Bb6 12. O-O e5 13. Qc2 Qe7 14. Ng5 g6 15. Bd3 Rd8 16. Bb2 h6 17. Nge4 Nxe4 18. Bxe4 Be6 19. Rfd1 Rxd1+ 20. Rxd1 Qg5 21. Nd5 Bd8 22. f4 Qh5 23. b5 Na5 24. Bxe5 Bf5 25. Bxf5 Qxf5 26. e4 Qe6 27. Rc1 Kh7 28. Kh1 b6 29. Bb2 f6 30. h3 h5 31. Qc3 Kg7 32. f5 gxf5 33. Qg3+ Kf8 34. Nc7 1-0

[Event "2026 European Womens Championship"]
[Site "Batumi, GE"]
[Date "2026.05.26"]
[Round "2"]
[White "Gueci, Tea"]
[Black "Khotenashvili, Bella"]
[Result "0-1"]
[Board "33"]
[TimeControl "5400+30"]
[WhiteFideId "872342"]
[BlackFideId "13602640"]
[WhiteElo "2160"]
[BlackElo "2415"]
[WhiteTitle "WIM"]
[BlackTitle "GM"]
[WhiteClock "0:24:23"]
[BlackClock "0:28:31"]
[Variant "Standard"]

1. e4 c6 2. d4 d5 3. e5 c5 4. Nf3 e6 5. c3 Nc6 6. Bd3 Qb6 7. O-O cxd4 8. Re1 Bd7 9. h4 Nge7 10. h5 h6 11. Nbd2 g5 12. hxg6 Nxg6 13. Nb3 dxc3 14. bxc3 Rg8 15. Rb1 Qc7 16. Qe2 a6 17. a4 Rc8 18. Bd2 Nd8 19. a5 Nc6 20. Ra1 Qd8 21. Bxg6 Rxg6 22. Be3 Nb8 23. Bb6 Qe7 24. Qe3 Bb5 25. Nbd4 Bc4 26. Ne2 Bxe2 27. Rxe2 Rc4 28. Bd4 h5 29. Nd2 Bh6 30. Qh3 Bxd2 31. Rxd2 h4 32. Rd3 Nc6 33. f4 Rh6 34. Qg4 Kf8 35. Kf1 Nxd4 36. cxd4 Rc2 37. Rb1 Rg6 38. Qh3 Qc7 39. Qxh4 Rcxg2 40. Qh8+ Rg8 41. Qh6+ Ke8 42. Rbd1 Qc2 0-1

[Event "2026 European Womens Championship"]
[Site "Batumi, GE"]
[Date "2026.05.26"]
[Round "2"]
[White "Arabidze, Meri"]
[Black "Zeliantsova, Kseniya"]
[Result "1-0"]
[Board "34"]
[TimeControl "5400+30"]
[WhiteFideId "13604040"]
[BlackFideId "13512617"]
[WhiteElo "2409"]
[BlackElo "2176"]
[WhiteTitle "IM"]
[BlackTitle "WFM"]
[WhiteClock "0:46:48"]
[BlackClock "0:16:55"]
[Variant "Standard"]

1. d4 Nf6 2. c4 g6 3. g3 Bg7 4. Bg2 d6 5. Nf3 O-O 6. Nc3 Nbd7 7. O-O e5 8. e4 exd4 9. Nxd4 Re8 10. Qc2 Nxe4 11. Nxe4 Bxd4 12. Bg5 f6 13. Rad1 fxg5 14. Rxd4 Qe7 15. Re1 Nf8 16. Rd3 Bf5 17. Rde3 Qf7 18. Qe2 Bd7 19. Nxg5 Rxe3 20. Qxe3 Qxc4 21. b3 Qb5 22. Qf4 Bf5 23. Qd4 1-0

[Event "2026 European Womens Championship"]
[Site "Batumi, GE"]
[Date "2026.05.26"]
[Round "2"]
[White "Salimova, Nurgyul"]
[Black "Starosta, Martyna"]
[Result "1-0"]
[Board "35"]
[TimeControl "5400+30"]
[WhiteFideId "2915138"]
[BlackFideId "21818754"]
[WhiteElo "2404"]
[BlackElo "2175"]
[WhiteTitle "IM"]
[BlackTitle "WIM"]
[WhiteClock "0:05:15"]
[BlackClock "0:02:46"]
[Variant "Standard"]

1. Nf3 d5 2. e3 c5 3. b3 f6 4. d4 cxd4 5. Bb5+ Kf7 6. O-O e5 7. exd4 e4 8. Ne1 Bd6 9. f3 Qb6 10. c4 e3 11. Bxe3 Ne7 12. Nc3 Bb4 13. Ne2 a6 14. Ba4 Qa5 15. c5 Nf5 16. Bf2 b5 17. cxb6 Qxb6 18. Nd3 Bd6 19. Rc1 Bd7 20. Nc3 Qb7 21. Nc5 Bxc5 22. dxc5 Rd8 23. Bxd7 Qxd7 24. Na4 Qc6 25. Nb6 Ra7 26. Nc4 d4 27. Re1 Kg8 28. Qd3 g6 29. g4 Qxc5 30. gxf5 gxf5 31. Ne3 1-0

[Event "2026 European Womens Championship"]
[Site "Batumi, GE"]
[Date "2026.05.26"]
[Round "2"]
[White "Khurtsilava, Inga"]
[Black "Buksa, Nataliya"]
[Result "0-1"]
[Board "36"]
[TimeControl "5400+30"]
[WhiteFideId "13600419"]
[BlackFideId "14123622"]
[WhiteElo "2175"]
[BlackElo "2392"]
[WhiteTitle "WGM"]
[BlackTitle "IM"]
[WhiteClock "0:31:18"]
[BlackClock "0:48:56"]
[Variant "Standard"]

1. d4 d5 2. Nf3 Nf6 3. e3 c5 4. Nbd2 Nc6 5. a3 cxd4 6. exd4 Bf5 7. c3 e6 8. Bb5 Bd6 9. Nf1 h6 10. Ng3 Bh7 11. Ne5 Qb6 12. a4 a6 13. Bxc6+ bxc6 14. Nh5 Nxh5 15. Qxh5 Qc7 16. a5 c5 17. Be3 Rb8 18. O-O Rxb2 19. Bf4 O-O 20. dxc5 Bxe5 21. Bxe5 Qxc5 22. Qg4 Bg6 23. h4 h5 24. Qg3 Re8 25. Rfe1 Kh7 26. Bd4 Qc4 27. f4 f6 28. Qf3 Kh6 29. Qf1 Bd3 30. Qf3 Be4 31. Rxe4 dxe4 32. Qxe4 Qd5 33. Re1 Qxe4 34. Rxe4 Kg6 35. Bb6 Kf5 36. Rc4 e5 37. fxe5 Rxe5 38. Rc7 g6 39. Kh2 Ree2 40. Rc5+ Ke4 41. Rc4+ Kd3 42. Rc6 Rxg2+ 43. Kh3 f5 44. Bc7 Rg4 45. Rf6 Ke4 46. Rb6 Rc2 47. Rb3 f4 48. c4 Rxc4 49. Bd8 Rd4 50. Rb8 Rg3+ 51. Kh2 Rd2+ 52. Kh1 Rh3+ 53. Kg1 Rc3 54. Rb1 Ke5 0-1

[Event "2026 European Womens Championship"]
[Site "Batumi, GE"]
[Date "2026.05.26"]
[Round "2"]
[White "Danielian, Elina"]
[Black "Jimenez Fernandez, Rebeca"]
[Result "1-0"]
[Board "37"]
[TimeControl "5400+30"]
[WhiteFideId "13300210"]
[BlackFideId "32070934"]
[WhiteElo "2390"]
[BlackElo "2166"]
[WhiteTitle "GM"]
[BlackTitle "WFM"]
[WhiteClock "0:22:16"]
[BlackClock "0:08:12"]
[Variant "Standard"]

1. d4 d5 2. c4 e6 3. Nc3 Nf6 4. cxd5 exd5 5. Bg5 c6 6. e3 Be7 7. Bd3 Nbd7 8. Nge2 Nf8 9. Qc2 Ne6 10. Bh4 g6 11. O-O O-O 12. Rad1 Nh5 13. Bxe7 Qxe7 14. Rb1 a5 15. a3 Nf6 16. Rfe1 Ng7 17. Ng3 h5 18. f3 c5 19. dxc5 h4 20. Nf1 Qxc5 21. Qf2 Bf5 22. Rbd1 Bxd3 23. Rxd3 Nf5 24. Red1 Rad8 25. e4 Qxf2+ 26. Kxf2 Ne7 27. Ne3 d4 28. Rxd4 Rxd4 29. Rxd4 Nc6 30. Rd6 Kg7 31. f4 Rd8 32. Rxd8 Nxd8 33. e5 Nd7 34. Nc4 Nc6 35. Ke3 Kf8 36. Nd6 b6 37. Nc4 Ne7 38. b4 axb4 39. axb4 b5 40. Nd6 Nb8 41. Ndxb5 Na6 42. Na2 Nd5+ 43. Ke4 Ndxb4 44. Nxb4 Nxb4 45. Nd4 f5+ 46. exf6 Kf7 47. Nf3 Kxf6 48. Nxh4 Na6 49. g4 Nc5+ 50. Kd5 Nd3 51. g5+ Kf7 52. Ke4 Nc5+ 53. Kd4 Ne6+ 54. Ke5 Ng7 55. f5 gxf5 56. g6+ Kg8 57. Nxf5 Nh5 58. Ng3 Ng7 59. h4 Ne8 60. h5 Kg7 61. Nf5+ Kh8 62. h6 Kg8 63. Nd6 Nc7 64. Nf7 1-0

[Event "2026 European Womens Championship"]
[Site "Batumi, GE"]
[Date "2026.05.26"]
[Round "2"]
[White "Mamedjarova, Zeinab"]
[Black "Maltsevskaya, Aleksandra"]
[Result "1/2-1/2"]
[Board "38"]
[TimeControl "5400+30"]
[WhiteFideId "13401521"]
[BlackFideId "24174041"]
[WhiteElo "2137"]
[BlackElo "2390"]
[WhiteTitle "WGM"]
[BlackTitle "IM"]
[WhiteClock "0:00:35"]
[BlackClock "0:08:18"]
[Variant "Standard"]

1. d4 Nf6 2. Bg5 e6 3. e3 h6 4. Bf4 b6 5. c4 Bb7 6. Nc3 Bb4 7. a3 Bxc3+ 8. bxc3 d6 9. h3 O-O 10. Nf3 Qe7 11. Be2 Rd8 12. O-O c5 13. Qc2 Nc6 14. Rfd1 Rac8 15. Rac1 d5 16. Qb2 dxc4 17. Bxc4 Na5 18. Be2 Bd5 19. Ba6 Bb7 20. Be2 Ne4 21. Ne5 Nd6 22. Bd3 Qe8 23. Qe2 f5 24. h4 Ne4 25. f3 Nf6 26. g4 cxd4 27. cxd4 Rxc1 28. Rxc1 Nd5 29. gxf5 Nb3 30. Rc4 b5 31. f6 bxc4 32. f7+ Qxf7 33. Nxf7 Nc1 34. Qb2 Nxd3 35. Qxb7 c3 36. Nxd8 c2 37. Qf7+ Kh7 38. Nxe6 c1=Q+ 39. Kh2 Qd2+ 40. Kh3 Nf2+ 41. Kg3 Nh1+ 42. Kg4 Nf6+ 43. Kf5 Qd3+ 44. Ke5 Qb5+ 45. Kd6 Qa6+ 46. Kc7 Qb6+ 47. Kc8 Qc6+ 48. Kb8 Qb5+ 49. Kxa7 Qa5+ 50. Kb8 Qb6+ 51. Kc8 Qa6+ 52. Kb8 Qb6+ 53. Kc8 Qa6+ 54. Kb8 1/2-1/2

[Event "2026 European Womens Championship"]
[Site "Batumi, GE"]
[Date "2026.05.26"]
[Round "2"]
[White "Roebers, Eline"]
[Black "Khachatryan, Anna"]
[Result "1-0"]
[Board "39"]
[TimeControl "5400+30"]
[WhiteFideId "1058401"]
[BlackFideId "13310780"]
[WhiteElo "2389"]
[BlackElo "2154"]
[WhiteTitle "IM"]
[BlackTitle "WFM"]
[WhiteClock "0:20:14"]
[BlackClock "0:01:08"]
[Variant "Standard"]

1. e4 c5 2. Nf3 e6 3. d4 cxd4 4. Nxd4 Nc6 5. Nc3 Qc7 6. Be3 a6 7. a3 Nf6 8. f4 d6 9. Qf3 Be7 10. O-O-O h5 11. h3 Bd7 12. Be2 Nxd4 13. Bxd4 Bc6 14. Qe3 Nd7 15. Qg3 Bf6 16. Bxf6 gxf6 17. Rd4 h4 18. Qe3 O-O-O 19. Rhd1 Nf8 20. Rc4 Nd7 21. a4 Kb8 22. Qd4 Rhg8 23. Bf3 e5 24. Qf2 Nc5 25. Nd5 Bxd5 26. exd5 b5 27. axb5 axb5 28. Rc3 Qa7 29. Kb1 b4 30. Rc4 Kc7 31. fxe5 Ra8 32. Kc1 Kd8 33. Qxh4 Qa1+ 34. Kd2 Qxb2 35. Qxf6+ Ke8 36. Re1 1-0